 Dungeon Crawl Stone Soup version 0.32-a0-630-g46d191b0ed (webtiles) character file.

Game seed: 14011165029786701619

241893 Armakuni the Metamorph (level 18, -20/250 HPs)
             Began as a Troll Monk on Mar 3, 2024.
             Was an Elder of Qazlal.
             Demolished by an azure jelly (66 damage)
             ... on level 3 of the Pits of Slime on Mar 6, 2024.
             The game lasted 01:07:16 (27273 turns).

Armakuni the Metamorph (Troll Monk)                Turns: 27273, Time: 01:07:16

Health: -20/250    AC: 26    Str: 24    XL:     18   Next: 66%
Magic:  32/37      EV: 16    Int:  6    God:    Qazlal [****..]
Gold:   3592       SH: 10    Dex: 18    Spells: 17/17 levels left

rFire   . .          .
                       - Unarmed
rCold   . . .        (no shield)
rNeg    + + .        U - melded +0 troll leather armour
rPois   ∞            h - +2 hat
rElec   +            A - +2 cloak {rPois}
rCorr   +            (gloves unavailable)
SInv    .            (boots unavailable)
Will    ++...        Y - amulet of the Demon Prince {Reflect rN+ SH+5 Stlth+}
Stlth   ++           K - ring of Xom's Ringing Laughter {rPois rCorr MP+9}
HPRegen 1.41/turn    W - ring of willpower
MPRegen 0.25/turn

%: repel missiles, reflection
@: statue-form, corroded, fragile (+50% incoming damage), very slow
A: slow and powerful, torment resistance 1, boosted hp, large, unfitting armour,
claws 3, regeneration 1, (shaggy fur 1), (tough skin 1)
}: 2/15 runes: decaying, serpentine
a: Begin Untransformation, Renounce Religion, Upheaval, Elemental Force


You were on level 3 of the Pits of Slime.
You worshipped Qazlal.
Qazlal was greatly pleased with you.
You were a living statue of rough stone.
You visited 7 branches of the dungeon, and saw 35 of its levels.
You also visited: Sewer, Ossuary and Ice Cave.

You collected 4633 gold pieces.
You spent 1041 gold pieces at shops.

Inventory:

Missiles
 n - 4 curare-tipped darts (quivered)
 M - 5 throwing nets
Armour
 h - a +2 hat (worn)
 A - a +2 cloak of poison resistance (worn)
 Q - +0 swamp dragon scales
 U - a +0 troll leather armour (melded)
Jewellery
 w - a ring of see invisible
 F - a ring of resist corrosion
 K - the ring of Xom's Ringing Laughter (left claw) {rPois rCorr MP+9}
   (You acquired it in an ossuary)

   [ring of poison resistance]

   rPois:     It protects you from poison.
   MP+9:      It affects your magic capacity (+9).
   rCorr:     It protects you from acid and corrosion.
 W - a ring of willpower (right claw)
 Y - the amulet of the Demon Prince (around neck) {Reflect rN+ SH+5 Stlth+}
   (You found it on level 3 of the Lair of Beasts)

   [amulet of reflection]

   Reflect:   It reflects blocked missile attacks.
   rN+:       It protects you from negative energy.
   SH+5:      It affects your SH (+5).
   Stlth+:    It makes you more stealthy.
 Z - a ring of protection from fire
Talismans
 G - a granite talisman (active)
Wands
 c - a wand of charming (15)
 f - a wand of mindburst (26)
 j - a wand of iceblast (13)
 l - a wand of light (17)
 p - a wand of polymorph (12)
 v - a wand of flame (30)
 J - a wand of digging (2)
Scrolls
 a - 5 scrolls of amnesia
 d - 6 scrolls of revelation
 k - 3 scrolls of vulnerability
 r - 12 scrolls of poison
 s - 4 scrolls of fog
 t - 14 scrolls of teleportation
 C - a scroll of summoning
 D - 3 scrolls of enchant armour
 E - 4 scrolls of fear
 H - 3 scrolls of immolation
 N - 2 scrolls of noise
 O - a scroll of silence
 P - 3 scrolls of enchant weapon
 R - a scroll of brand weapon
 V - 6 scrolls of blinking
Potions
 b - 4 potions of ambrosia
 e - 3 potions of mutation
 g - 22 potions of curing
 i - 4 potions of brilliance
 m - 3 potions of attraction
 o - 6 potions of might
 q - 6 potions of heal wounds
 u - 7 potions of enlightenment
 x - 4 potions of lignification
 z - 2 potions of magic
 B - 4 potions of invisibility
 I - 2 potions of cancellation
 L - 2 potions of berserk rage
 S - 4 potions of resistance
 X - 6 potions of haste
Miscellaneous
 y - a tin of tremorstones (2/2)
 T - a phial of floods


   Skills:
 - Level 15.0 Fighting
 - Level 2.0 Throwing
 - Level 10.6 Dodging
 + Level 15.4 Unarmed Combat
 + Level 14.7 Invocations
 - Level 1.3 Evocations
 - Level 16.0 Shapeshifting


You had 17 spell levels left.
You didn't know any spells.
Your spell library contained the following spells:

 Spells                   Type           Power      Damage    Failure   Level
 Apportation              Tloc           0%         N/A       45%         1
 Foxfire                  Conj/Fire      0%         2x1d4     45%         1
 Necrotise                Necr           0%         1d4       45%         1
 Sandblast                Erth           0%         2d4       45%         1
 Sting                    Conj/Alch      0%         1d3       45%         1
 Summon Small Mammal      Summ           0%         N/A       45%         1
 Blink                    Tloc           0%         N/A       58%         2
 Cigotuvi's Dreadful Rot  Necr/Alch/Air  0%         N/A       58%         2
 Ensorcelled Hibernation  Hex/Ice        0%         N/A       58%         2
 Lesser Beckoning         Tloc           0%         N/A       58%         2
 Momentum Strike          Conj/Tloc      0%         3d8       58%         2
 Call Canine Familiar     Summ           0%         N/A       83%         3
 Fugue of the Fallen      Necr           0%         N/A       83%         3
 Gell's Gravitas          Tloc           0%         N/A       83%         3
 Inner Flame              Hex/Fire       0%         N/A       83%         3
 Passwall                 Erth           0%         N/A       83%         3
 Sigil of Binding         Hex            0%         N/A       83%         3
 Stone Arrow              Conj/Erth      0%         3d7       83%         3
 Teleport Other           Tloc           0%         N/A       83%         3
 Tukima's Dance           Hex            0%         N/A       83%         3
 Vampiric Draining        Necr           0%         2d6       83%         3
 Anguish                  Hex/Necr       0%         N/A       99%         4
 Animate Dead             Necr           0%         N/A       99%         4
 Brom's Barrelling Bould  Conj/Erth      0%         2d3       99%         4
 Dimensional Bullseye     Hex/Tloc       0%         N/A       99%         4
 Ignite Poison            Fire/Alch      0%         N/A       99%         4
 Iskenderun's Mystic Bla  Conj/Tloc      0%         2d3       99%         4
 Martyr's Knell           Necr/Summ      0%         N/A       99%         4
 Summon Blazeheart Golem  Fire/Summ      0%         N/A       99%         4
 Alistair's Intoxication  Alch           0%         N/A       100%        5
 Borgnjor's Vile Clutch   Necr/Erth      0%         N/A       100%        5
 Curse of Agony           Necr           0%         N/A       100%        5
 Fireball                 Conj/Fire      0%         3d3       100%        5
 Freezing Cloud           Conj/Ice/Air   0%         6-21      100%        5
 Irradiate                Conj/Alch      0%         3d11      100%        5
 Iskenderun's Battlesphe  Conj           0%         2d6       100%        5
 Bombard                  Conj/Erth      0%         9d1       100%        6
 Conjure Ball Lightning   Conj/Air       0%         3x3d6     100%        6
 Death Channel            Necr           0%         N/A       100%        6
 Dispersal                Tloc           0%         N/A       100%        6
 Eringya's Noxious Bog    Alch           0%         4d6       100%        6
 Plasma Beam              Fire/Air       0%         2x1d10    100%        6
 Sculpt Simulacrum        Ice/Alch       0%         N/A       100%        6
 Starburst                Conj/Fire      0%         6d3       100%        6
 Orb of Destruction       Conj           0%         9d5       100%        7
 Ozocubu's Refrigeration  Ice            0%         4d7       100%        7
 Spellforged Servitor     Conj/Summ      0%         N/A       100%        7
 Ignition                 Fire           0%         3d3       100%        8
 Polar Vortex             Ice            0%         N/A       100%        9


Dungeon Overview and Level Annotations

Branches:
Dungeon (15/15)            Temple (1/1) D:7            Lair (5/5) D:9
  Swamp (4/4) Lair:3        Snake (4/4) Lair:2        Slime (4/5) Lair:4
    Orc (2/2) D:9             Elf (0/3) Orc:2        Vaults (0/5) D:14
 Depths (0/4) D:15          Sewer (visited)         Ossuary (visited)
  IceCv (visited)

Altars:
Ashenzari
Cheibriados
Dithmenos
Elyvilon
Fedhas
Gozag
Hepliaklqana
Kikubaaqudgha
Makhleb
Nemelex Xobeh
Okawaru
Qazlal
Ru
Sif Muna
Trog
Uskayaw
Vehumet
Wu Jian
Xom
Yredelemnul
Zin
The Shining One
Beogh

Shops:
D:1 ?   D:5 =   D:7 *   Orc:2 =(=!*   Snake:3 ?=


Innate Abilities, Weirdness & Mutations

You are a living statue of rough stone.
Your actions are slow, but your melee attacks are powerful.
You are resistant to unholy torment.
Your maximum health is greatly increased.
Your equipment is partially melded.
You are too large for most types of armour.
You are immune to poison.
You have claws for hands.
Your natural rate of healing is unusually fast.
((You are covered in fur. (AC +1)))
((You have tough skin. (AC +1)))


Message History

The azure jelly hits you but does no damage.
The glass eye pulsates ominously.
You block the acid blob's attack.
The azure jelly hits you but does no damage.
The azure jelly hits you. The azure jelly freezes you!!!
* * * LOW HITPOINT WARNING * * *
The azure jelly hits you.
* * * LOW HITPOINT WARNING * * *
The azure jelly hits you but does no damage.
An eye of devastation comes into view.
The acid blob spits acid at you.
The splash of acid hits you but does no damage.
The acid corrodes you! The azure jelly closely misses you.
The azure jelly hits you but does no damage. x3
The glass eye gazes at you.
You feel your fragility will last longer.
The acid blob spits acid at you.
The splash of acid is repelled.
The azure jelly barely misses you. You block the azure jelly's attack.
The azure jelly hits you.
* * * LOW HITPOINT WARNING * * *
The azure jelly hits you but does no damage.
The glass eye gazes at you.
You feel your fragility will last longer.
You climb upwards.
The slime creature quivers. x2
The slime creature hits you but does no damage.
You block the slime creature's attack.
There is a stone staircase leading down here.
Blink to where?
Press: ? - help, Dir - move target
As you read the scroll of blinking, it crumbles to dust.
The acid blob spits acid at you. The splash of acid hits you! You resist.
* * * LOW HITPOINT WARNING * * *
The acid corrodes you!
There is a stone staircase leading up here.
The azure jelly hits you.
* * * LOW HITPOINT WARNING * * *
The azure jelly freezes you!!!
You die...

### #.## ###... ##.##.##
.# . ##......# ..#
#.##.#. ##.#°#°.°#...#
.....#.##......☼....#
#.#..^....##...JI.....#
.........##.J°.........#
...........J..^☼°.§.#.##
.........JJ..........##
............J..#.....#
.<..............#...##
.................####
..J..J..........##
....>..........##


You could see an acid blob, an azure jelly and 4 slime creatures.

Vanquished Creatures
  Bai Suzhen (Swamp:4)
  Vashnia (Snake:4)
  2 tentacled monstrosities
  3 acid blobs
  A thorn hunter (Swamp:1)
  Gastronok (D:11)
  A fenstrider witch (Swamp:3)
  An azure jelly (Slime:3)
  A rockslime (Slime:2)
  10 nagarajas (Snake:4)
  2 ghouls (Swamp:1)
  A reaper (IceCv)
  2 orc warlords (Orc:1)
  4 quicksilver oozes
  An eleionoma (Swamp:3)
  5 bunyips
  An ettin (D:15)
  3 fire dragons (Swamp:4)
  A shambling mangrove (Swamp:4)
  Fannar (D:11)
  15 hydras
  A salamander tyrant (Snake:4)
  9 anacondas
  Harold (D:11)
  Erolcha (D:11)
  A ghost crab (Swamp:4)
  A death knight (D:14)
  2 vault guards (D:14)
  5 centaur warriors
  4 ogre magi (Orc:2)
  Erica (D:10)
  9 alligators
  8 boulder beetles
  A spriggan air mage (Swamp:4)
  10 two-headed ogres
  4 tengu warriors
  6 death yaks (Lair:4)
  2 orc high priests (Orc:1)
  Urug (D:10)
  23 naga warriors
  7 shock serpents
  An occultist (D:10)
  12 naga sharpshooters
  A skyshark (Lair:5)
  2 salamander mystics (Snake:4)
  A deep troll (D:15)
  7 swamp dragons
  2 sea snakes (Snake:4)
  7 bog bodies
  6 goliath frogs
  6 spriggan druids
  An arcanist (D:14)
  5 naga ritualists
  6 mana vipers
  3 lindwurms (Swamp:4)
  A deep elf archer (Orc:1)
  2 deep elf pyromancers
  4 orc knights
  3 necromancers (D:14)
  6 cyclopes
  Maurice (Orc:1)
  3 orc sorcerers
  A manticore (D:10)
  4 will-o-the-wisps (Swamp:4)
  11 ugly things
  19 elephants
  7 salamanders
  9 guardian serpents
  2 eyes of devastation
  31 black mambas
  3 kobold blastminers (Orc:2)
  A black mamba (shapeshifter) (D:10)
  12 naga magi
  2 ice statues (IceCv)
  6 cane toads
  A molten gargoyle (Swamp:4)
  3 gargoyles
  9 komodo dragons
  A kobold demonologist (D:11)
  6 tengu conjurers
  9 ice devils
  4 unseen horrors
  A rime drake (Lair:4)
  An efreet (D:13)
  Psyche (D:10)
  A freezing wraith (D:14)
  2 yaktaurs
  An anaconda simulacrum (IceCv)
  4 trolls
  A bloated husk (Swamp:2)
  A queen bee (shapeshifter) (D:13)
  6 polar bears
  8 hornets
  A polar bear (shapeshifter) (D:10)
  7 dream sheep (Lair:5)
  7 tyrant leeches
  19 blink frogs
  20 slime creatures
  A dire elephant simulacrum (IceCv)
  20 spriggans
  18 humans (D:14)
  4 basilisks
  13 vampire mosquitoes
  45 yaks
  A yak (shapeshifter) (D:10)
  4 wyverns
  8 wraiths
  8 redbacks (D:14)
  2 fire bats (Swamp:4)
  A warg (Orc:2)
  2 steam dragons
  10 swamp worms
  A harpy simulacrum (IceCv)
  A hydra simulacrum (IceCv)
  15 water moccasins
  An acid dragon (D:9)
  39 nagas
  8 swamp drakes (Swamp:4)
  21 orc warriors
  A sky beast (D:8)
  6 black bears
  5 boggarts (Lair:5)
  2 laughing skulls (D:14)
  28 ogres
  11 centaurs
  24 wolves
  4 kobold brigands
  2 phantoms
  2 brain worms (Sewer)
  10 bullfrogs
  3 gnoll sergeants
  4 two-headed ogre simulacra (IceCv)
  A cane toad simulacrum (IceCv)
  11 scorpions
  11 wights
  17 killer bees
  3 elephant simulacra (IceCv)
  2 electric eels
  5 howler monkeys
  A lava snake (D:15)
  4 centaur zombies (Ossuary)
  2 jellies (D:6)
  A gnoll bouda (D:5)
  A hound (D:5)
  11 orc priests
  A sleepcap (D:7)
  5 iguanas
  Terence (D:2)
  22 orc wizards
  7 scorpion zombies (Ossuary)
  5 spriggan simulacra (IceCv)
  2 troll simulacra (IceCv)
  A polar bear simulacrum (IceCv)
  3 mummies (Ossuary)
  Robin (D:2)
  16 gnolls
  19 adders
  A naga simulacrum (IceCv)
  7 river rats
  3 white imps
  3 ufetubi
  2 adder zombies (Ossuary)
  2 dart slugs
  2 ribbon worms (D:2)
  77 orcs
  6 ball pythons
  6 endoplasms
  3 giant cockroaches
  A gnoll zombie (Ossuary)
  13 hobgoblins
  10 jackals
  14 kobolds
  6 quokkas
  3 ball python zombies (Ossuary)
  6 bats
  10 frilled lizards
  18 goblins
  2 jackal zombies (Ossuary)
  3 orc zombies (Ossuary)
  11 rats
  A butterfly (Lair:3)
1145 creatures vanquished.

Vanquished Creatures (others)
  A centaur warrior (D:15)
  A bloated husk (Swamp:1)
  A naga (Snake:2)
  2 swamp drakes (Swamp:4)
  An ufetubus (IceCv)
  18 foxfires (Swamp:4)
24 creatures vanquished.

Grand Total: 1169 creatures vanquished

Notes
Turn   | Place    | Note
-------+----------+-------------------------------------------
     0 | D:1      | Armakuni the Troll Monk began the quest for the Orb.
     0 | D:1      | Reached XP level 1. HP: 22/22 MP: 0/0
   326 | D:1      | Reached XP level 2. HP: 29/29 MP: 1/1
   391 | D:1      | Found Jijaity's Magic Scroll Emporium.
   394 | D:1      | Bought a scroll of identify for 24 gold pieces
   653 | D:1      | Reached XP level 3. HP: 36/36 MP: 2/2
   727 | D:2      | Noticed Terence
   878 | D:2      | Noticed Robin
   890 | D:2      | Killed Robin
   891 | D:2      | Reached skill level 5 in Unarmed Combat
   891 | D:2      | Reached XP level 4. HP: 25/44 MP: 3/3
  1035 | D:2      | Killed Terence
  1036 | D:2      | Reached skill level 1 in Shapeshifting
  1361 | D:2      | Reached XP level 5. HP: 50/50 MP: 4/4
  1405 | D:3      | Reached skill level 2 in Shapeshifting
  1667 | D:3      | Found a glowing drain.
  1673 | Sewer    | Entered a sewer
  1765 | Sewer    | Reached skill level 3 in Shapeshifting
  1765 | Sewer    | Reached skill level 1 in Evocations
  1797 | Sewer    | Reached XP level 6. HP: 51/59 MP: 5/5
  1840 | Sewer    | Reached skill level 1 in Throwing
  2131 | Sewer    | Reached skill level 4 in Shapeshifting
  2800 | D:4      | Reached XP level 7. HP: 61/67 MP: 6/6
  3515 | D:5      | Entered Level 5 of the Dungeon
  3522 | D:5      | Upgraded the game from 0.32-a0-607-g64ea0e4219 to
                  | 0.32-a0-614-gd166fa89d2
  3670 | D:5      | Reached XP level 8. HP: 63/75 MP: 7/7
  3776 | D:5      | Found a sand-covered staircase.
  3808 | Ossuary  | Entered an ossuary
  3871 | Ossuary  | Identified 3 scrolls of acquirement
  3876 | Ossuary  | Acquired the ring of Xom's Ringing Laughter {rPois rCorr
                  | MP+9}
  3879 | Ossuary  | Acquired 1014 gold pieces
  3881 | Ossuary  | Acquired 653 gold pieces
  4158 | Ossuary  | Reached skill level 10 in Unarmed Combat
  4225 | Ossuary  | Reached skill level 5 in Shapeshifting
  4407 | D:5      | Reached XP level 9. HP: 81/81 MP: 8/8
  4636 | D:5      | Found Coadoest's Jewellery Shoppe.
  4920 | D:6      | Reached skill level 6 in Shapeshifting
  5585 | D:7      | Found Juxzy's General Store.
  5592 | D:7      | Bought a scroll of immolation for 44 gold pieces
  5592 | D:7      | Bought a potion of cancellation for 88 gold pieces
  5603 | D:7      | Reached skill level 7 in Shapeshifting
  5767 | D:7      | Reached skill level 8 in Shapeshifting
  5909 | D:7      | Found a staircase to the Ecumenical Temple.
  5916 | Temple   | Entered the Ecumenical Temple
  5957 | Temple   | Became a worshipper of Qazlal Stormbringer
  5957 | Temple   | Reached * piety under Qazlal
  5957 | Temple   | Reached ** piety under Qazlal
  6528 | D:8      | Reached skill level 9 in Shapeshifting
  6571 | D:8      | Found a shadowy altar of Dithmenos.
  6613 | D:8      | Reached XP level 10. HP: 42/91 MP: 9/9
  6866 | D:8      | Reached skill level 10 in Shapeshifting
  6908 | D:8      | Found a glowing golden altar of the Shining One.
  7287 | D:9      | Reached skill level 11 in Shapeshifting
  7342 | D:9      | Found a staircase to the Orcish Mines.
  7406 | D:9      | Reached *** piety under Qazlal
  7633 | D:9      | Found a staircase to the Lair.
  7764 | D:9      | Reached skill level 12 in Shapeshifting
  8191 | D:10     | Entered Level 10 of the Dungeon
  8196 | D:10     | Noticed Urug
  8213 | D:10     | Killed Urug
  8214 | D:10     | Reached XP level 11. HP: 40/97 MP: 10/10
  8215 | D:10     | Noticed a two-headed ogre
  8271 | D:9      | Killed a two-headed ogre
  8407 | D:10     | Noticed Psyche
  8411 | D:10     | Killed Psyche
  8412 | D:10     | Reached skill level 13 in Shapeshifting
  8417 | D:10     | Noticed Erica
  8423 | D:10     | Killed Erica
  8945 | D:10     | Reached **** piety under Qazlal
  8953 | D:10     | Reached skill level 14 in Shapeshifting
  9205 | D:10     | Noticed a centaur warrior
  9213 | D:10     | Killed a centaur warrior
  9216 | D:10     | Noticed a purple ugly thing
  9221 | D:10     | Noticed a deep elf pyromancer
  9222 | D:10     | Identified the +4 flail of Xetu Bym {freeze, Str+6}
  9222 | D:10     | Noticed an occultist
  9233 | D:10     | Killed a purple ugly thing
  9236 | D:10     | Killed an occultist
  9239 | D:10     | Killed a deep elf pyromancer
  9240 | D:10     | Reached skill level 15 in Shapeshifting
  9249 | D:10     | Reached XP level 12. HP: 49/105 MP: 11/11
  9279 | D:10     | Identified the +3 rapier "Trog's Anger" {heavy, Str+2
                  | Stlth+}
  9421 | D:10     | Found an iron altar of Okawaru.
  9421 | D:10     | Found a blossoming altar of Fedhas.
  9465 | D:11     | Noticed Erolcha
  9470 | D:11     | Killed Erolcha
  9642 | D:11     | Reached skill level 16 in Shapeshifting
  9774 | D:11     | Reached ***** piety under Qazlal
  9884 | D:11     | Noticed Gastronok
  9896 | D:11     | Killed Gastronok
  9897 | D:11     | Reached skill level 5 in Fighting
  9918 | D:11     | Noticed Fannar
  9926 | D:11     | Killed Fannar
 10040 | D:11     | Noticed Harold
 10040 | D:11     | Noticed a two-headed ogre
 10049 | D:11     | Killed a two-headed ogre
 10050 | D:11     | Reached skill level 1 in Invocations
 10059 | D:11     | Killed Harold
 10468 | D:12     | Noticed a boulder beetle
 10474 | D:12     | Killed a boulder beetle
 10481 | D:12     | Identified the +4 rapier of Wu Jian's Supremacy {protect,
                  | rPois rC+ rCorr}
 10548 | D:12     | Noticed a boulder beetle
 10560 | D:12     | Killed a boulder beetle
 10658 | D:12     | Reached skill level 5 in Invocations
 10728 | D:12     | Reached XP level 13. HP: 107/120 MP: 16/16
 10870 | D:12     | You fall into a shaft and drop 2 floors!
 12287 | Lair:1   | Entered Level 1 of the Lair of Beasts
 12299 | Lair:1   | Reached skill level 10 in Invocations
 12386 | Lair:1   | Upgraded the game from 0.32-a0-614-gd166fa89d2 to
                  | 0.32-a0-630-g46d191b0ed
 13293 | Lair:2   | Found a staircase to the Snake Pit.
 13348 | Lair:2   | Reached XP level 14. HP: 130/130 MP: 20/20
 13782 | Lair:3   | Found a frozen archway.
 13793 | IceCv    | Entered an ice cave
 13806 | IceCv    | Reached ****** piety under Qazlal
 13868 | IceCv    | Noticed a reaper
 13876 | IceCv    | Killed a reaper
 14345 | Lair:3   | Identified the amulet of the Demon Prince {Reflect rN+ SH+5
                  | Stlth+}
 14365 | Lair:3   | Found a staircase to the Swamp.
 15074 | Lair:4   | Found a staircase to the Slime Pits.
 15090 | Lair:4   | Reached skill level 15 in Unarmed Combat
 15494 | Lair:5   | Entered Level 5 of the Lair of Beasts
 15786 | Lair:5   | Reached XP level 15. HP: 143/143 MP: 21/21
 16707 | Orc:1    | Entered Level 1 of the Orcish Mines
 16708 | Orc:1    | Noticed Maurice
 16716 | Orc:1    | Something stole a phial of floods
 16725 | Orc:1    | Something stole 4 throwing nets
 16726 | Orc:1    | Something stole a ring of fire
 16734 | Orc:1    | Killed Maurice
 16886 | Orc:2    | Entered Level 2 of the Orcish Mines
 17011 | Orc:1    | Reached skill level 10 in Fighting
 17105 | Orc:1    | You fall into a shaft and drop 1 floor!
 17310 | Orc:1    | Found a roughly hewn altar of Beogh.
 17585 | Orc:2    | Found Leoriopa's General Store.
 17594 | Orc:2    | Bought a potion of heal wounds for 75 gold pieces
 17594 | Orc:2    | Bought a potion of curing for 45 gold pieces
 17594 | Orc:2    | Bought a wand of digging (2) for 126 gold pieces
 17594 | Orc:2    | Bought a scroll of identify for 30 gold pieces
 17769 | Orc:2    | Found a staircase to the Elven Halls.
 17982 | Orc:2    | Found Toxtu's Jewellery Shoppe.
 17982 | Orc:2    | Found Gete's Distillery.
 17983 | Orc:2    | Found Cixzodysa's Jewellery Shop.
 17983 | Orc:2    | Found Suyr's Antique Weapon Shoppe.
 17991 | Orc:2    | Bought a potion of heal wounds for 70 gold pieces
 17991 | Orc:2    | Bought a potion of mutation for 112 gold pieces
 19132 | D:14     | Identified the +3 chain mail of the Desert {+Blink rElec
                  | Dex+2}
 19190 | D:14     | Found a gate to the Vaults.
 19320 | D:15     | Entered Level 15 of the Dungeon
 19339 | D:15     | Reached XP level 16. HP: 167/167 MP: 22/22
 19708 | D:15     | Found a staircase to the Depths.
 19714 | D:15     | Found a white marble altar of Elyvilon.
 19865 | D:15     | Found a shimmering blue altar of Sif Muna.
 20479 | Snake:1  | Entered Level 1 of the Snake Pit
 20564 | Snake:1  | Found a hazy altar of Hepliaklqana.
 20605 | Snake:1  | Found a shadowy altar of Dithmenos.
 20751 | Snake:1  | Found a bloodstained altar of Trog.
 20802 | Snake:1  | Found an ornate altar of the Wu Jian Council.
 20963 | Snake:1  | Identified the +1 ring mail of Geuwk {Will++ Str-2 Int+3}
 21441 | Snake:2  | Found a hazy altar of Hepliaklqana.
 21520 | Snake:2  | Identified the +6 chain mail of Xom's Wrath {rF+}
 22252 | Snake:3  | Reached skill level 15 in Fighting
 22367 | Snake:3  | Found Hull's Magic Scroll Boutique.
 22371 | Snake:3  | Bought a scroll of blinking for 105 gold pieces
 22371 | Snake:3  | Bought a scroll of revelation for 105 gold pieces
 22371 | Snake:3  | Bought a scroll of immolation for 56 gold pieces
 22371 | Snake:3  | Bought a scroll of enchant armour for 105 gold pieces
 22371 | Snake:3  | Bought a scroll of poison for 56 gold pieces
 22371 | Snake:3  | Found Ethrosav's Jewellery Shop.
 22818 | Snake:4  | Entered Level 4 of the Snake Pit
 22924 | Snake:4  | Reached skill level 5 in Dodging
 23065 | Snake:4  | Reached XP level 17. HP: 184/184 MP: 24/24
 23187 | Snake:4  | Got a serpentine rune of Zot
 23664 | Snake:4  | Noticed Vashnia
 23695 | Snake:4  | Killed Vashnia
 24467 | Swamp:1  | Entered Level 1 of the Swamp
 25413 | Swamp:3  | Noticed a tentacled monstrosity
 25417 | Swamp:3  | Killed a tentacled monstrosity
 25817 | Swamp:3  | Found a white marble altar of Elyvilon.
 25975 | Swamp:4  | Entered Level 4 of the Swamp
 25983 | Swamp:4  | Reached XP level 18. HP: 193/193 MP: 26/26
 26063 | Swamp:4  | Noticed Bai Suzhen
 26074 | Swamp:4  | Killed Bai Suzhen
 26105 | Swamp:4  | Noticed a tentacled monstrosity
 26113 | Swamp:4  | Killed a tentacled monstrosity
 26161 | Swamp:4  | Reached skill level 10 in Dodging
 26373 | Swamp:4  | Got a decaying rune of Zot
 26967 | Slime:1  | Entered Level 1 of the Pits of Slime
 27273 | Slime:3  | Demolished by an azure jelly

Illustrated notes

Levels and vault maps discovered:
D:1:      amcnicky_arrival_flooded_fountain, layout_loops_cross, serial_shops,
          nicolae_shop_rolled_up
D:2:      layout_rooms, uniq_robin, uniq_terence
D:3:      layout_loops_ring, mainiacjoe_sewer_entry_somewhere_in_here_2
D:4:      layout_cave_pods
D:5:      layout_loops_cross, nicolae_ossuary_entry_monument, serial_shops,
          nicolae_take_the_stairs, serial_bayou_ford_a
D:6:      layout_loops_cross
D:7:      layout_gridville, minmay_temple_entry_slanted, minmay_statues_item,
          nicolae_stop_n_shop_1
D:8:      layout_rooms, mainiacjoe_overflow_tiny_flanked, tso_altar,
          kennysheep_small_circle
D:9:      layout_irregular_city, erik_lair_dragon, orc_0_dummy,
          minmay_misc_feat_rugged
D:10:     minmay_the_grid_octo_triangle [minmay_the_grid_octo_toaster,
          minmay_the_grid_octo_prize_big_c, minmay_the_grid_octo_checkerflower],
          layout_rooms, gammafunk_temple_overflow_statue, uniq_psyche,
          uniq_urug, uniq_erica
D:11:     layout_roguey [special_room_orc], uniq_erolcha, uniq_fannar,
          uniq_gastronok, uniq_harold
D:12:     layout_basic, drop_trap
D:13:     layout_basic, minmay_misc_feat_secret_circle
D:14:     layout_gridville, grunt_vaults_entry_tiered, serial_park_paths
          [serial_park_minivault_5x5_1], roderic_lattice_a, drop_trap
D:15:     hangedman_depths_entry_civil_slaughter, layout_stronghold,
          elyvilon_altar_5, nicolae_lava_and_water,
          hellmonk_sif_muna_bookshelves
Temple:   compressed_dpeg_circular_temple
Lair:1:   layout_cave_pods, minivault_27, lemuel_old_faithful,
          lemuel_fruit_fields
Lair:2:   layout_gridlike, alex1729_snake_entry_snake,
          chequers_serial_rivers_micro_d, infiniplex_staircase_pool
Lair:3:   layout_cave_pods, minmay_swamp_entry_reptiles,
          portal_ice_cave_demonic_guard, nicolae_quartered_pool_little,
          lemuel_fruit_fields
Lair:4:   layout_cave_shapes, slime_entry_1
Lair:5:   minmay_lair_end_enchanted_forest, layout_concentric_octagons,
          minivault_27
Swamp:1:  layout_falls_marsh, serial_swamp_ruin, evilmike_swamp_ruin_house_6,
          evilmike_swamp_ruin_rubble_2, evilmike_swamp_ruin_house_4
Swamp:2:  layout_basic_swamp, hangedman_swamp_ruin_wall,
          infiniplex_staircase_pool_2
Swamp:3:  layout_falls_marsh, nicolae_swamp_godswood
Swamp:4:  swamp_fiery, layout_basic_swamp, uniq_bai_suzhen
Snake:1:  layout_gridlike, st_stairs_10, hangedman_feature_mirror,
          hangedman_feature_mirror
Snake:2:  layout_basic, basic_altar
Snake:3:  layout_misc_corridors, grunt_ministairs_4, minmay_shoptagon
Snake:4:  grunt_snake_rune_spirals, layout_onion, serial_bayou_shore_a,
          uniq_vashnia
Slime:1:  layout_caves, cheibrodos_slime_lost_civilization_5
Slime:2:  cheibrodos_slime_lost_civilization_10, layout_caves
Slime:3:  layout_caves, nicolae_slime_welcoming_committee
Slime:4:  layout_caves
Orc:1:    cheibrodos_orc_arena, layout_caves, basic_altar, elf_legates,
          uniq_maurice
Orc:2:    st_orc_ogre_mass, layout_diamond_mine, serial_shops,
          nicolae_lakefront_shop

Skill      XL: |  1  2  3  4  5  6  7  8  9 10 11 12 13 14 15 16 17 18 |
---------------+-------------------------------------------------------+-----
Unarmed Combat | 4 5 7 10 11 15 | 15.4
Shapeshifting  | 1 3 4 5 9 12 15 16 | 16.0
Evocations     | 1 |  1.3
Throwing       | 2 |  2.0
Fighting       | 3 6 8 12 15 | 15.0
Invocations    | 6 10 13 14 | 14.7
Dodging        | 5 9 10 | 10.6

Action                     |  1- 3 |  4- 6 |  7- 9 | 10-12 | 13-15 | 16-18 || total
---------------------------+-------+-------+-------+-------+-------+-------++-------
  Melee: Unarmed           |    90 |   171 |   347 |   492 |   836 |   724 ||  2660
         Punch             |     2 |     4 |    15 |    30 |    61 |    68 ||   180
  Throw: Dart              |       |       |     1 |    11 |       |       ||    12
 Invoke: Disaster Area     |       |       |       |       |     2 |    11 ||    13
         Upheaval          |       |       |       |       |       |     7 ||     7
  Evoke: Wand              |       |       |       |    19 |       |       ||    19
         Phial of floods   |       |       |       |     1 |       |       ||     1
    Use: Scroll            |     6 |     1 |    13 |     5 |     6 |     1 ||    32
         Potion            |     1 |       |       |    10 |       |       ||    11
   Stab: Sleeping          |       |       |     2 |       |       |       ||     2
 Armour: Robe              |    61 |    73 |   182 |   198 |       |       ||   514
         Troll leather arm |       |       |       |   106 |       |       ||   106
         Skin              |       |       |       |    73 |   924 |  1112 ||  2109
  Dodge: Dodged            |    63 |    80 |   197 |   273 |   484 |   448 ||  1545
         Repelled          |       |       |       |    16 |    33 |   120 ||   169
  Block: Other             |       |       |     6 |    91 |   442 |   411 ||   950
         Reflection        |       |       |       |       |    19 |    54 ||    73
   Form: Beast             |       |     1 |     1 |       |       |       ||     2
         Flux              |       |       |     1 |       |       |       ||     1
         Statue            |       |       |       |     1 |       |       ||     1

Table legend: (Time is in decaauts)
 A = Elapsed time spent in this place.
 B = Non-inter-level travel time spent in this place.
 C = Inter-level travel time spent in this place.
 D = Time resting spent in this place.
 E = Time spent auto-exploring this place.
 F = Levels seen in this place.
 G = Mean time per level.
                   A        B        C        D        E       F      G
               +--------+--------+--------+--------+--------+-----+--------+
         Total |  35325 |  32408 |   2917 |   1696 |  22925 |  38 |  929.6 |
       Dungeon |  15476 |  14095 |   1381 |    924 |   9731 |  15 | 1031.7 |
        Temple |     50 |     42 |      8 |      0 |      0 |   1 |   50.0 |
          Lair |   6599 |   5630 |    969 |      0 |   4618 |   5 | 1319.8 |
         Swamp |   3324 |   3166 |    158 |    214 |   2268 |   4 |  831.0 |
     Snake Pit |   5685 |   5443 |    242 |    218 |   4201 |   4 | 1421.2 |
    Slime Pits |    432 |    431 |      1 |    144 |    109 |   4 |  108.0 |
  Orcish Mines |   2277 |   2121 |    156 |     48 |   1387 |   2 | 1138.5 |
         Sewer |    670 |    670 |      0 |     23 |    394 |   1 |  670.0 |
       Ossuary |    451 |    451 |      0 |    124 |     91 |   1 |  451.0 |
      Ice Cave |    357 |    357 |      0 |      0 |    123 |   1 |  357.0 |
               +--------+--------+--------+--------+--------+-----+--------+

Top non-repeatable levels by time:
 Snake:4: 2125 daAuts
    D:12: 1720 daAuts
  Lair:3: 1622 daAuts
     D:9: 1566 daAuts
 Snake:2: 1431 daAuts
  Lair:5: 1427 daAuts
    D:14: 1341 daAuts
    D:15: 1332 daAuts
    D:11: 1330 daAuts
  Lair:2: 1320 daAuts
  Lair:1: 1270 daAuts
   Orc:2: 1255 daAuts
    D:10: 1247 daAuts
 Snake:1: 1068 daAuts
 Snake:3: 1060 daAuts
